Map: [ESL] Data-C

Players

Astrea - Winner!

  • Race: Protoss Protoss
  • League: Grandmaster
  • Spawn Location: 3:00

Ryung

  • Race: Terran Terran
  • Spawn Location: 9:00

Event: TSL 9

VOD

Have the link to the VOD?

Description

Time

  • Played on: Aug. 6, 2022, 10:14 a.m.
  • Length: 21:22

All games in this series

Show
View Real Time Build Order
Export as new Build Order

Astrea Protoss - Winner!

Build Orders: 1 Gate Expand, Phoenix Opening, Blink Stalkers 

Get SALT Encoding   

  12  0:00  Probe  
  13  0:12  Probe  
  14  0:16  Pylon  
  14  0:24  Probe (Chrono Boost)  
  15  0:35  Gateway  
  16  0:36  Probe (Chrono Boost)  
  16  0:42  Probe (Chrono Boost)  
  16  0:45  Assimilator  
  17  0:51  Probe  
  18  1:03  Probe  
  19  1:15  Probe  
  20  1:22  Nexus  
  20  1:31  Cybernetics Core  
  20  1:35  Probe  
  21  1:41  Assimilator  
  21  1:47  Probe  
  21  1:51  Pylon  
  22  1:59  Probe  
  23  2:06  Adept (Chrono Boost)  
  23  2:07  Probe  
  23  2:11  Warp Gate  
  23  2:15  Probe  
  26  2:21  Twilight Council  
  27  2:26  Probe  
  28  2:32  Stalker  
  28  2:36  Probe (Chrono Boost)  
  31  2:43  Probe (Chrono Boost)  
  32  2:48  Probe (Chrono Boost)  
  33  2:53  Blink (Chrono Boost)  
  33  2:56  Probe (Chrono Boost)  
  33  2:57  Probe (Chrono Boost)  
  35  3:04  Probe  
  35  3:05  Probe  
  39  3:12  Sentry  
  39  3:13  Gateway  
  39  3:16  Probe  
  39  3:17  Probe  
  41  3:23  Pylon  
  41  3:29  Probe x2  
  43  3:41  Probe x2  
  44  3:44  Nexus  
  45  3:50  Phoenix  
  45  3:53  Probe  
  45  3:54  Probe  
  47  3:57  Pylon  
  47  4:05  Probe, Stalker  
  47  4:06  Probe  
  47  4:08  Stalker  
  53  4:15  Robotics Facility  
  53  4:16  Assimilator  
  53  4:17  Probe  
  53  4:18  Probe  
  53  4:21  Assimilator, Pylon  
  55  4:29  Probe, Stalker  
  55  4:30  Probe  
  59  4:41  Probe  
  59  4:42  Probe  
  61  4:53  Probe  
  61  4:55  Probe  
  61  4:56  Charge  
  63  5:00  Forge  
  63  5:03  Probe (Chrono Boost)  
  63  5:04  Observer  
  63  5:05  Pylon  
  63  5:06  Sentry x2  
  71  5:07  Probe (Chrono Boost)  
  71  5:08  Probe (Chrono Boost)  
  72  5:15  Probe (Chrono Boost)  
  72  5:18  Probe (Chrono Boost)  
  74  5:21  Probe (Chrono Boost)  
  74  5:22  Probe (Chrono Boost)  
  74  5:23  Probe (Chrono Boost)  
  74  5:25  Gateway  
  74  5:26  Protoss Ground Weapons Level 1 (Chrono Boost), Observer, Gateway  
  77  5:29  Gateway  
  77  5:30  Probe, Gateway  
  77  5:34  Phoenix  
  78  5:36  Gateway  
  78  5:39  Gateway  
  78  5:41  Sentry  
  80  5:45  Warp Prism (Chrono Boost), Probe  
  83  5:51  Stalker  
  83  5:55  Shield Battery, Pylon  
  85  6:02  Pylon  
  85  6:07  Stalker  
  87  6:11  Immortal (Chrono Boost)  
  87  6:17  Stalker, Pylon  
  93  6:18  Probe x3  
  96  6:30  Probe x2  
  98  6:36  Immortal (Chrono Boost), Probe, Assimilator  
  98  6:37  Assimilator  
  98  6:39  Zealot x5  
  113  6:53  Robotics Bay  
  113  6:54  Robotics Facility  
  113  6:58  Forge  
  113  6:59  Pylon  
  113  7:10  Nexus  
  113  7:16  Protoss Ground Weapons Level 2 (Chrono Boost), Pylon  
  113  7:18  Observer  
  111  7:26  Probe x3  
  111  7:27  Dark Shrine  
  111  7:28  Protoss Ground Armor Level 1 (Chrono Boost)  
  114  7:30  Pylon  
  114  7:35  Zealot x2  
  118  7:37  Observer  
  118  7:38  Probe x3  
  121  7:47  Shield Battery  
  121  7:48  Colossus (Chrono Boost), Extended Thermal Lance  
  121  7:50  Probe x3  
  136  7:53  Colossus (Chrono Boost)  
  136  8:02  Probe x2  
  136  8:03  Probe  
  139  8:07  Shield Battery, Photon Cannon  
  139  8:09  Pylon  
  139  8:11  Zealot x3  
  141  8:14  Probe  
  141  8:18  Stalker x5  
  138  8:21  Probe x2  
  138  8:22  Probe  
  138  8:26  Photon Cannon  
  138  8:27  Probe  
  140  8:32  Pylon  
  140  8:33  Disruptor (Chrono Boost)  
  140  8:38  Shadow Stride  
  146  8:43  Disruptor (Chrono Boost)  
  145  8:52  Dark Templar x2  
  148  8:55  Zealot  
  148  8:56  Zealot x5  
  160  9:03  Gateway  
  160  9:04  Gateway  
  160  9:06  Disruptor  
  163  9:11  Pylon  
  163  9:12  Disruptor  
  163  9:29  Protoss Ground Armor Level 2 (Chrono Boost), Protoss Ground Weapons Level 3 (Chrono Boost)  
  161  9:35  Nexus  
  161  9:36  Pylon  
  161  9:39  Zealot x8  
  161  9:44  Photon Cannon, Pylon  
  180  9:45  Pylon  
  180  9:47  Disruptor (Chrono Boost)  
  180  9:49  Nexus  
  178  9:53  Disruptor (Chrono Boost)  
  178  9:57  Observer  
  179  10:11  Shield Battery, Photon Cannon  
  179  10:14  Dark Templar x3, Pylon  
  179  10:15  Zealot x5  
  179  10:19  Disruptor (Chrono Boost)  
  179  10:20  Disruptor (Chrono Boost)  
  196  10:27  Gateway x2  
  192  10:46  Zealot x2, Dark Templar  
  192  10:47  Zealot x7  
  192  10:48  Probe  
  170  11:03  Probe x2  
  161  11:07  Probe  
  161  11:08  Nexus  
  161  11:09  Probe  
  163  11:13  Warp Prism  
  163  11:15  Probe x2  
  163  11:17  Pylon  
  163  11:18  Dark Templar x6  
  177  11:30  Robotics Facility  
  177  11:32  Assimilator  
  177  11:36  Assimilator  
  177  11:38  Photon Cannon  
  177  11:39  Shield Battery  
  177  11:41  Pylon  
  175  11:53  Protoss Ground Armor Level 3 (Chrono Boost)  
  167  11:57  Archon  
  161  12:02  Stalker x4  
  161  12:03  Zealot x7  
  183  12:10  Photon Cannon  
  183  12:11  Shield Battery  
  181  12:24  Probe x3  
  182  12:35  Zealot x9  
  200  12:41  Photon Cannon  
  200  12:45  Pylon  
  200  12:47  Photon Cannon  
  200  13:04  Protoss Shields Level 1 (Chrono Boost)  
  194  13:15  Zealot x3  
  198  13:26  Dark Templar  
  200  13:32  Nexus  
  190  13:47  Probe x2  
  190  13:48  Probe x2  
  193  14:02  Dark Templar x3  
  199  14:10  Pylon  
  199  14:13  Gravitic Drive (Chrono Boost)  
  195  14:31  Zealot x3  
  195  14:34  Archon  
  183  14:59  Disruptor  
  166  15:03  Robotics Facility  
  166  15:05  Robotics Facility  
  166  15:10  Protoss Shields Level 2 (Chrono Boost)  
  166  15:11  Photon Cannon  
  166  15:12  Shield Battery, Photon Cannon  
  166  15:13  Stalker x6  
  166  15:14  Stalker x6, Pylon  
  189  15:36  Observer  
  187  15:45  Stalker x2  
  187  15:46  Zealot x3  
  196  15:59  Gravitic Boosters (Chrono Boost)  
  196  16:00  Observer x2 (Chrono Boost)  
  198  16:04  Observer (Chrono Boost)  
  198  16:07  Stargate  
  198  16:14  Assimilator  
  198  16:20  Nexus  
  193  16:38  Zealot x3  
  199  16:46  Dark Templar x3  
  153  17:18  Zealot  
  153  17:21  Stalker x9  
  153  17:22  Stalker x2  
  165  17:33  Pylon  
  165  17:35  Nexus  
  163  17:44  Dark Templar x4  
  163  17:45  Zealot x8  
  173  18:15  Stalker x8  
  173  18:16  Stalker x3  
  173  18:17  Stalker  
  191  18:29  Disruptor x3  
  196  19:00  Nexus  
  196  19:05  Observer x2  
  193  19:11  Nexus  
  185  19:20  Disruptor  
  179  19:26  Disruptor  
  179  19:30  Dark Templar x10  
  179  19:31  Zealot x2  
  200  19:35  Pylon  
  200  19:38  Assimilator, Pylon  
  200  19:39  Assimilator  
  200  19:42  Assimilator  
  200  19:43  Pylon  
  200  19:47  Assimilator  
  194  20:02  Observer  
  192  20:07  Zealot x3  
  192  20:08  Zealot  
  192  20:11  Photon Cannon x2  
  192  20:13  Shield Battery  
  200  20:14  Shield Battery  
  200  20:16  Pylon  
  200  20:18  Photon Cannon  
  200  20:19  Shield Battery  
  186  20:43  Disruptor x3  
  177  20:50  Zealot x4  
  177  20:51  Zealot x7  
Show
View Real Time Build Order
Export as new Build Order

Ryung Terran 

Build Orders: Reaper Expand 

Get SALT Encoding   

  12  0:00  SCV  
  13  0:12  SCV  
  14  0:17  Supply Depot  
  14  0:24  SCV  
  15  0:38  SCV  
  15  0:40  Barracks  
  16  0:43  Refinery  
  16  0:50  SCV  
  17  1:03  SCV  
  18  1:15  SCV  
  19  1:27  Orbital Command  
  19  1:28  Reaper  
  20  1:42  Command Center  
  20  1:52  Supply Depot  
  20  1:55  SCV  
  20  2:00  Marine  
  22  2:07  SCV  
  23  2:10  Factory  
  23  2:19  SCV  
  23  2:21  Refinery  
  23  2:22  Barracks Reactor  
  24  2:29  Bunker  
  24  2:31  SCV  
  25  2:43  SCV  
  26  2:54  Orbital Command  
  26  2:55  SCV  
  26  2:58  Widow Mine, Starport  
  29  3:01  Marine  
  29  3:03  Marine  
  31  3:07  SCV  
  32  3:19  Widow Mine, Marine  
  35  3:20  Marine  
  35  3:21  SCV x2  
  35  3:26  Supply Depot  
  38  3:33  SCV x2  
  40  3:34  Medivac  
  40  3:37  Marine  
  40  3:38  Marine  
  40  3:40  Factory Tech Lab  
  44  3:45  SCV x2  
  46  3:50  Supply Depot  
  46  3:57  SCV x2, Marine x2  
  50  4:05  Factory Tech Lab  
  50  4:09  SCV  
  51  4:10  SCV  
  51  4:11  Barracks, Refinery  
  51  4:12  Raven  
  51  4:16  Supply Depot  
  53  4:21  SCV  
  53  4:22  SCV  
  55  4:26  Barracks  
  55  4:29  Siege Tank  
  58  4:34  Engineering Bay, SCV x2  
  58  4:36  Marine  
  59  4:46  SCV  
  59  4:47  SCV  
  59  4:48  Marine  
  62  4:54  Marine  
  62  4:59  SCV  
  61  5:00  SCV, Terran Infantry Weapons Level 1  
  61  5:11  Command Center  
  61  5:12  Stimpack  
  61  5:13  SCV x2  
  63  5:16  Refinery  
  63  5:17  Supply Depot, Starport Reactor  
  63  5:23  Combat Shield, Marine x4  
  63  5:28  SCV, Factory Reactor  
  67  5:29  SCV  
  67  5:32  Supply Depot  
  69  5:41  Supply Depot, SCV x2  
  71  5:44  Marauder  
  71  5:48  Marauder  
  71  5:49  Marine x2  
  75  5:50  Barracks x2  
  75  5:54  Supply Depot  
  75  5:55  SCV x2  
  79  5:58  Medivac  
  79  6:00  Medivac  
  83  6:04  Supply Depot  
  83  6:08  Marauder  
  83  6:11  Marine x2  
  87  6:12  Marauder  
  87  6:14  Widow Mine  
  87  6:15  Widow Mine  
  93  6:19  Supply Depot  
  93  6:23  Orbital Command  
  93  6:29  Medivac  
  93  6:30  Medivac  
  93  6:32  Marine x2  
  97  6:35  Marauder x2  
  97  6:38  SCV x2  
  97  6:39  Barracks Reactor, Barracks Tech Lab  
  105  6:42  Supply Depot, Orbital Command  
  103  6:49  Widow Mine x2  
  103  6:51  SCV  
  103  6:52  SCV  
  109  6:58  Marauder x3, Marine  
  109  7:00  Concussive Shells  
  116  7:03  Terran Infantry Armor Level 1  
  116  7:06  SCV x2  
  116  7:08  SCV  
  119  7:21  SCV x2  
  119  7:22  SCV, Medivac  
  121  7:23  Medivac  
  121  7:26  Armory  
  121  7:29  Engineering Bay  
  125  7:30  Missile Turret  
  125  7:32  Marauder x2  
  125  7:33  Marauder  
  125  7:34  Marine  
  125  7:35  Marine x3  
  125  7:36  SCV x3  
  138  7:41  Supply Depot x2  
  138  7:46  Refinery x2  
  138  7:48  SCV x3  
  141  8:02  Marine x4  
  141  8:03  Marauder x3  
  141  8:05  Supply Depot, SCV x3  
  154  8:12  Viking  
  155  8:17  SCV x3  
  155  8:18  Terran Infantry Weapons Level 2  
  157  8:25  Command Center  
  157  8:26  Ghost Academy  
  155  8:28  Medivac, Widow Mine x2  
  155  8:34  Marauder x2  
  164  8:42  Medivac  
  164  8:44  Supply Depot  
  164  8:45  Supply Depot  
  164  8:47  SCV, Marauder  
  168  8:55  Ghost  
  168  8:56  Ghost  
  172  9:04  Barracks, Missile Turret  
  172  9:05  Barracks, Marine  
  172  9:07  Barracks, Marine x2  
  172  9:08  Ghost  
  177  9:21  Viking, Medivac  
  177  9:23  Marine  
  182  9:24  Ghost  
  182  9:25  Marauder  
  182  9:30  Missile Turret  
  186  9:32  Marine x3  
  187  9:42  Ghost  
  187  9:43  Terran Infantry Armor Level 2  
  189  9:50  Missile Turret  
  189  9:55  Barracks Tech Lab  
  189  9:56  Barracks Reactor, Barracks Tech Lab  
  189  9:59  Missile Turret  
  187  10:01  Marauder x2  
  187  10:03  Planetary Fortress  
  188  10:09  Viking  
  188  10:10  Viking  
  188  10:11  Marauder  
  194  10:14  Refinery x2  
  194  10:26  Ghost  
  194  10:27  Sensor Tower  
  193  10:39  Viking  
  193  10:40  Viking  
  187  10:44  Marauder x2, Marine x2  
  187  10:48  Marauder  
  184  10:51  Marauder  
  184  10:55  Marauder  
  159  10:59  SCV x2  
  159  11:00  SCV, Marine x2  
  158  11:05  Marauder x2  
  158  11:07  Marine x2  
  158  11:09  Marauder  
  166  11:11  SCV x2  
  166  11:12  SCV, Marauder  
  166  11:17  Medivac  
  166  11:18  Medivac  
  175  11:23  SCV  
  175  11:24  SCV  
  177  11:37  Command Center  
  176  11:53  Marauder x2  
  175  11:54  SCV  
  175  11:55  SCV  
  175  11:56  Marauder  
  175  11:57  Marauder  
  181  12:01  Widow Mine  
  181  12:32  Widow Mine  
  181  12:40  Supply Depot x2  
  181  12:43  Medivac x2  
  183  13:01  Marauder x2  
  183  13:13  Viking x2  
  183  13:17  SCV x3  
  190  13:26  Terran Infantry Weapons Level 3, Terran Infantry Armor Level 3  
  172  13:43  Viking x2  
  178  13:48  Marauder  
  178  13:49  Marauder x2, Planetary Fortress  
  178  13:51  SCV x3  
  178  13:54  Enhanced Shockwaves  
  183  14:03  SCV x2  
  183  14:04  SCV, Widow Mine x2  
  190  14:12  Marauder x2, Marine x2  
  190  14:14  Marine  
  197  14:29  Marine x4  
  197  14:33  SCV x2  
  197  14:36  Marauder x2  
  191  14:46  Viking x2  
  191  14:50  Marine  
  191  14:51  Marine  
  190  14:54  Marauder x2  
  190  14:55  Marine x2  
  179  15:04  Marauder x3  
  179  15:06  Marine x2  
  187  15:13  SCV x2  
  189  15:16  Viking x2  
  193  15:22  Ghost x2  
  197  15:33  Command Center  
  180  15:46  Marauder x3  
  186  15:51  Ghost x2  
  190  15:58  Marine x5  
  194  16:05  Sensor Tower  
  193  16:27  Marine x4  
  193  16:30  Marauder  
  198  16:35  Viking  
  200  16:46  Marine  
  195  16:48  Orbital Command  
  195  16:53  Marauder x2, Marine  
  194  16:55  Marine x2  
  194  17:00  Marine  
  191  17:07  SCV x2  
  182  17:15  SCV  
  171  17:19  SCV x2  
  171  17:21  Marine x2  
  175  17:25  Ghost x3  
  175  17:27  SCV  
  180  17:39  Marauder x2  
  180  17:40  SCV x3  
  180  17:43  Medivac x2  
  191  17:49  Widow Mine x2  
  195  17:52  Refinery, Sensor Tower  
  195  17:55  Marauder  
  186  18:03  Marauder x3  
  186  18:04  Marine  
  169  18:06  Marauder, Marine  
  169  18:09  SCV x3  
  172  18:16  Marauder  
  167  18:27  Marauder x3  
  167  18:30  Marauder, Marine  
  174  18:37  Marauder  
  174  18:39  SCV x3  
  173  18:48  Marauder  
  173  18:49  Marauder  
  173  18:50  Marauder, Marine  
  173  18:51  SCV x2  
  173  18:54  Marine x3  
  152  19:17  Marauder x2  
  140  19:26  Marauder  
  140  19:27  SCV, Marauder x2  
  140  19:28  SCV, Marine x2  
  150  19:34  SCV, Planetary Fortress  
  150  19:37  Marine x2  
  157  19:38  Marauder x2  
  157  19:40  SCV x2  
  153  19:47  SCV  
  153  19:49  Marauder, Marine x2  
  153  19:50  Marauder  
  156  19:56  Marine x2  
  156  19:58  Marine x2  
  160  20:00  Marine  
  160  20:03  Marauder x2  
  144  20:07  Marine x2  
  144  20:10  Missile Turret, Marine x2  
  144  20:18  Marine  
  144  20:19  Marine x4  
  149  20:24  Marine  
  150  20:34  Marine x2  
  108  20:44  Marauder  
  108  20:46  Marine  
  102  20:53  Marine  
  102  20:54  Marine  
Tags
 
Add a new tag
Caveats
  • Supply blocks, unpowered buildings, or Contaminate may cause inaccurate times.
  • Supply counts are checked every 10 seconds.